 Dungeon Crawl Stone Soup version 0.17.0-55-g1383181 (console) character file.

198 Kloppie the Stinger (level 6, -7/47 HPs)
             Began as a Formicid Venom Mage on Dec 4, 2015.
             Killed by divine providence
             ... invoked by an orc priest
              (9 damage)
             ... on level 3 of the Dungeon.
             The game lasted 00:09:52 (4594 turns).

Kloppie the Stinger (Formicid Venom Mage)           Turns: 4594, Time: 00:09:52

Health: -7/47      AC:  2    Str: 12    XL:     6   Next: 5%
Magic:  9/18       EV: 12    Int: 17    God:
Gold:   123        SH:  0    Dex: 11    Spells: 3 memorised, 1 level left

rFire  . . .     SeeInvis +     A - -1 short sword (curse)
rCold  . . .     Clarity  +     a - +0 robe
rNeg   . . .     SustAt   .     (no shield)
rPois  .         Gourm    .     (helmet unavailable)
rElec  .         Spirit   .     (no cloak)
rCorr  .         Warding  .     (no gloves)
rMut   .         Stasis   +     (no boots)
MR     .....                    w - amulet of clarity
Stlth  ++........               u - ring of magical power
                                n - ring of wizardry

@: not resistant to hostile enchantments, unstealthy
A: permanent stasis, dig shafts and tunnels, four strong arms, antennae 3
a: Dig, Shaft Self


You were on level 3 of the Dungeon.
You were not hungry.

You visited 1 branch of the dungeon, and saw 3 of its levels.

You collected 123 gold pieces.

Inventory:

Hand Weapons
 m - a +0 flail
 y - a +0 hand axe
 A - a cursed -1 short sword (weapon)
Armour
 a - a +0 robe (worn)
 t - a +0 shield
Jewellery
 n - a ring of wizardry (left hand)
 u - a ring of magical power (right hand)
 w - an amulet of clarity (around neck)
 x - an uncursed ring of positive energy
Scrolls
 j - 2 scrolls of fear {unknown}
 l - a scroll of random uselessness {unknown}
 p - a scroll of enchant weapon {unknown}
 q - 3 scrolls of identify {unknown}
 s - a scroll of fog {unknown}
 B - a scroll of amnesia {unknown}
Potions
 e - 6 potions of curing {unknown}
 f - 3 potions of agility {unknown}
 g - a potion of might {unknown}
 i - a potion of invisibility {unknown}
 k - a potion of resistance {unknown}
 o - a potion of brilliance {unknown}
 r - 2 potions of heal wounds {unknown}
 v - a potion of haste {unknown}
 z - a potion of lignification {unknown}
Books
 b - a Young Poisoner's Handbook

   Spells                             Type                      Level
   a - Sting                          Conjuration/Poison           1
   b - Cure Poison                    Poison                       2
   c - Mephitic Cloud                 Conjuration/Poison/Air       3
   d - Olgreb's Toxic Radiance        Poison                       4
   e - Venom Bolt                     Conjuration/Poison           5
Comestibles
 c - 3 bread rations
 d - a beef jerky


   Skills:
 - Level 3.4 Fighting
 - Level 1.7 Dodging
 - Level 2.4 Stealth
 - Level 2.1 Spellcasting
 + Level 1.1 Conjurations
 + Level 7.4 Poison Magic


You had one spell level left.
You knew the following spells:

 Your Spells              Type           Power        Failure   Level  Hunger
a - Sting                 Conj/Pois      ###.         1%          1    #......
b - Cure Poison           Pois           ####......   1%          2    ###....
c - Venom Bolt            Conj/Pois      ###.......   58%         5    ######.


Dungeon Overview and Level Annotations

Branches:
Dungeon (3/15)

Altars:
Nemelex Xobeh
Yredelemnul
The Shining One


Innate Abilities, Weirdness & Mutations

You are under a permanent stasis effect.
You can dig through walls and to a lower floor.
Your four strong arms can wield two-handed weapons with a shield.
You have a pair of large antennae on your head (SInv).


Message History

The orc priest invokes the aid of Beogh against you.
Pain shoots through your body!
* * * LOW HITPOINT WARNING * * *
Casting: Sting
Confirm with . or Enter, or press ? or * to list all spells.
Aiming: Sting
Press: ? - help, Shift-Dir - straight line, f/p - orc priest
Aim: an orc priest, wielding a club The sting hits the orc priest.
The orc priest is poisoned.
The orc priest is heavily wounded.
The orc priest barely misses you.
Casting: Sting
Confirm with . or Enter, or press ? or * to list all spells.
Aiming: Sting
Press: ? - help, Shift-Dir - straight line, f/p - orc priest
Aim: an orc priest, wielding a club (severely wounded, poisoned)
The sting misses the orc priest.
The orc priest mumbles some strange prayers to Beogh against you.
Something smites you!
You die...

#.#....## ########.....
##.#..?..####.###.........###
####...............
.#####...#
).....#.###..###.### #[###
####...# ##...# ..# ###.#
#..).# ###.###.# ##..<#
#.##.## #..##.# #..###
##.##.)# ##o##.####.##
#......# #@##..).).#
#...###.# ##.....##### ###
#.# ##...#.## #.####..#.#.#
#......##.#.# #########.#.#
#...# ###.# ###


You could see an orc priest.

Vanquished Creatures
  An orc priest (D:3)
  Jessica (D:2)
  6 adders (D:2)
  An ooze (D:3)
  6 giant geckos
  8 orcs (D:3)
  A ball python (D:2)
  3 giant cockroaches
  9 goblins
  7 hobgoblins
  3 jackals (D:2)
  9 bats
  7 giant newts
  5 kobolds
  7 rats
74 creatures vanquished.

Notes
Turn   | Place    | Note
--------------------------------------------------------------
     0 | D:1      | Kloppie the Formicid Venom Mage began the quest for the Orb.
     0 | D:1      | Reached XP level 1. HP: 13/13 MP: 3/3
    72 | D:1      | You fall through a shaft!
   408 | D:1      | Reached skill level 1 in Fighting
   408 | D:1      | Reached XP level 2. HP: 19/21 MP: 1/5
  1624 | D:1      | Reached XP level 3. HP: 27/27 MP: 6/6
  1843 | D:1      | Learned a level 2 spell: Cure Poison
  2188 | D:2      | Found a sparkling altar of Nemelex Xobeh.
  2188 | D:2      | Noticed Jessica
  2192 | D:2      | Killed Jessica
  2192 | D:2      | Reached skill level 6 in Poison Magic
  2192 | D:2      | Reached XP level 4. HP: 32/34 MP: 4/7
  2636 | D:2      | Reached XP level 5. HP: 41/41 MP: 5/8
  2906 | D:2      | Found a glowing golden altar of the Shining One.
  2947 | D:2      | Noticed an angel
  2961 | D:2      | Found a basalt altar of Yredelemnul.
  2969 | D:2      | Noticed a profane servitor
  3491 | D:2      | Learned a level 5 spell: Venom Bolt
  3941 | D:2      | Reached skill level 7 in Poison Magic
  4591 | D:3      | Reached skill level 1 in Conjurations
  4591 | D:3      | Reached XP level 6. HP: 14/47 MP: 9/9
  4592 | D:3      | HP: 2/47 [orc priest/nerve-wracking pain (12)]
  4594 | D:3      | Killed from afar by an orc priest

Action                   |  1- 3 |  4- 6 || total
-------------------------+-------+-------++-------
Melee: Club              |    14 |       ||    14
       Short sword       |    22 |    32 ||    54
       Hand axe          |       |    46 ||    46
 Cast: Sting             |    53 |    88 ||   141
  Use: Scroll            |     1 |     1 ||     2
 Stab: Sleeping          |       |     1 ||     1
  Eat: Chunk             |     5 |     9 ||    14
